 Dungeon Crawl Stone Soup version 0.27-a0-341-g40fdf68bc5 (webtiles) character file.

Game seed: 14961303809991103885

14491 Chiseanne the Fighter (level 11, -4/92 HPs)
             Began as a Demonspawn Wanderer on Feb 14, 2021.
             Was an Initiate of Gozag.
             Killed by divine providence
             ... invoked by a meliai
              (14 damage)
             ... on level 15 of the Dungeon.
             The game lasted 00:34:18 (10579 turns).

Chiseanne the Fighter (Demonspawn Wanderer)        Turns: 10579, Time: 00:34:19

Health: -4/92      AC: 18    Str: 13    XL:     11   Next: 89%
Magic:  0/11       EV: 12    Int: 14    God:    Gozag
Gold:   1035       SH: 14    Dex: 15    Spells: 10/10 levels left

rFire    + . .     SeeInvis .   a - +5 dagger (venom)
rCold    + . .     Faith    .   D - +0 tower shield
rNeg     + . .     Spirit   +   P - +2 ring mail {rC+}
rPois    +         Reflect  .   (helmet restricted)
rElec    .         Harm     .   H - +0 cloak
rCorr    .         Rampage  .   E - +0 pair of gloves
Will     .....                  L - +1 pair of boots
Stlth    +.........             G - amulet of guardian spirit
HPRegen  0.25/turn              r - ring of positive energy
MPRegen  0.12/turn              p - ring of protection from fire

@: lethally poisoned (-4 -> -14)
A: horns 2, slimy green scales 3, demonic guardian 1, foul stench 2
a: Renounce Religion, Potion Petition, Call Merchant, Bribe Branch


You were on level 15 of the Dungeon.
You worshipped Gozag.
Gozag was most pleased with you.
You visited 2 branches of the dungeon, and saw 14 of its levels.
You also visited: Sewer.

You collected 1825 gold pieces.
You spent 650 gold pieces at shops.
You paid 140 gold pieces to Gozag.

Inventory:

Hand Weapons
 a - a +5 dagger of venom (weapon)
 q - a +1 vorpal spear
 s - a +1 short sword of electrocution
 z - a +1 hand axe of flaming
 O - a +2 long sword of venom
 R - a +0 hand crossbow of freezing
 T - a +0 antimagic war axe
Missiles
 e - 54 stones (quivered)
 i - 67 sling bullets
 m - 27 poisoned darts
 C - 6 curare-tipped darts
 I - 2 javelins
 J - 41 bolts
 M - 2 throwing nets
Armour
 D - a +0 tower shield (worn)
 E - a +0 pair of gloves (worn)
 H - a +0 cloak (worn)
 L - a +1 pair of boots (worn)
 P - a +2 ring mail of cold resistance (worn)
Magical Staves
 y - a staff of conjuration {unknown}
Jewellery
 b - a ring of protection from fire
 d - a ring of fire
 g - a ring of poison resistance {unknown}
 n - a ring of protection from fire
 p - a ring of protection from fire (right hand)
 r - a ring of positive energy (left hand)
 t - a ring of ice {unknown}
 G - an amulet of guardian spirit (around neck)
 W - an amulet of the acrobat
Wands
 l - a wand of mindburst (15)
 u - a wand of paralysis (4)
 x - a wand of polymorph (11)
 F - a wand of digging (5)
 N - a wand of iceblast (1)
 V - a wand of acid (6)
 X - a wand of flame (11)
Scrolls
 U - a scroll of fog
 Y - a scroll of enchant armour
Potions
 c - a potion of lignification
 f - 11 potions of curing
 h - a potion of haste
 j - 2 potions of attraction {unknown}
 k - 4 potions of might
 o - 4 potions of heal wounds
 v - 2 potions of cancellation {unknown}
 w - 4 potions of brilliance
 A - a potion of ambrosia
 B - a potion of berserk rage
 K - 2 potions of flight {unknown}
 Q - a potion of mutation
 S - a potion of resistance


   Skills:
 * Level 10.4 Fighting
 - Level 4.9(5.0) Short Blades
 - Level 1.0(3.2) Long Blades
 - Level 1.0 Axes
 - Level 8.5 Armour
 * Level 8.8 Dodging
 - Level 1.0 Stealth
 * Level 5.8 Shields
 * Level 6.3 Evocations


You had 10 spell levels left.
You didn't know any spells.
Your spell library contained the following spells:

 Spells                   Type           Power        Failure   Level
 Foxfire                  Conj/Fire      0%           100%        1
 Magic Dart               Conj           0%           100%        1
 Blink                    Tloc           N/A          100%        2
 Call Imp                 Summ           0%           100%        2
 Searing Ray              Conj           0%           100%        2
 Slow                     Hex            0%           100%        2
 Conjure Flame            Conj/Fire      0%           100%        3
 Dazzling Flash           Conj/Hex       0%           100%        3
 Mephitic Cloud           Conj/Pois/Air  0%           100%        3
 Static Discharge         Conj/Air       0%           100%        3
 Fulminant Prism          Conj/Hex       0%           100%        4
 Iskenderun's Mystic Bla  Conj/Tloc      0%           100%        4


Dungeon Overview and Level Annotations

Branches:
Dungeon (12/15)            Temple (1/1) D:7            Lair (0/6) D:8
    Orc (0/2) D:9           Sewer (visited)

Altars:
Ashenzari
Cheibriados
Dithmenos
Elyvilon
Gozag
Hepliaklqana
Kikubaaqudgha
Makhleb
Nemelex Xobeh
Okawaru
Ru
Sif Muna
Trog
Vehumet
Wu Jian
Xom
Yredelemnul
Zin

Shops:
D:6 !   D:8 *


Innate Abilities, Weirdness & Mutations

You have a pair of horns on your head.
You are completely covered in slimy green scales. (AC +4, rPois)
A weak demonic guardian rushes to your aid.
You sometimes emit foul miasma when damaged in melee.


Message History

The brown ugly thing basks in the mutagenic energy from its kin and changes!
Found 8 gold pieces and a potion of curing.
A troll comes into view.
The troll shouts!
You hear an angry buzzing noise.
A meliai comes into view. It is wielding a +0 hand axe.
A meliai comes into view. It is wielding a +0 hand axe.
The meliai becomes distracted by your gold, dreaming of imaginary riches.
A meliai comes into view. It is wielding a +0 hand axe.
You see here a potion of curing.
f - 11 potions of curing (gained 1)
You block the troll's attack. The troll completely misses you. x2
You are no longer corroded.
The meliai barely misses you. You block the meliai's attack.
The meliai hits you but does no damage. You block the meliai's attack.
The meliai invokes the aid of its god against you.
Something smites you! The meliai hits you with a +0 hand axe.
The meliai stings you but does no damage.
The meliai barely misses you. The meliai closely misses you.
The meliai calls down the wrath of its god upon you.
Something smites you! The meliai hits you with a +0 hand axe!
The meliai stings you!
* * * LOW HITPOINT WARNING * * *
You are poisoned.
The meliai poisons you!
You feel sick. You block the meliai's attack. x2
You hit the meliai.
The meliai is poisoned.
The meliai is lightly wounded.
You feel sick. You block the meliai's attack. x2
You miss the meliai. Your headbutt misses the meliai.
The meliai is moderately wounded.
You feel sick.
The meliai mumbles some strange prayers to its god against you.
Something smites you!
* * * LOW HITPOINT WARNING * * *
A demonic guardian appears!
The meliai invokes the aid of its god against you.
Something smites you!
You die...
Your body crumbles into a pile of gold.

♣≈≈≈ ≈≈PP. .P..
.##..#### ........#
........###########
..............Ty@5......
.............###########
.....^.#####.# ##..
.../...# #.# #..#
.......# #.##..#
.......# #.#..# .......#
#...# $ .....y.#####..##
.............++


You could see a troll, a meliai (very poisoned, ally target) and a friendly
shadow imp (summoned).

Vanquished Creatures
  Harold (D:11)
  A boulder beetle (D:11)
  A two-headed ogre (D:12)
  Pikel (D:5)
  4 ugly things
  2 manticores
  A centaur zombie (D:12)
  2 cyclopes
  A gargoyle (D:11)
  2 trolls
  Grinder (D:5)
  Prince Ribbit (D:6)
  A wraith (D:12)
  A ynoxinul (D:9)
  A vampire (D:12)
  3 wyverns (D:12)
  5 yaks
  Eustachio (D:5)
  A basilisk (D:12)
  4 orc warriors
  3 ice beasts
  7 sky beasts
  8 ogres
  A black bear (D:7)
  7 centaurs
  2 wolves (D:8)
  A phantom (D:9)
  Blork the orc (D:5)
  2 kobold brigands
  7 bullfrogs
  3 scorpions
  A howler monkey (D:5)
  7 electric eels (D:8)
  A quasit (D:7)
  2 bullfrog zombies
  10 hounds
  A jelly (D:9)
  Crazy Yiuf (D:5)
  3 centaur skeletons
  6 orc priests
  Terence (D:3)
  An iguana (D:7)
  8 orc wizards
  13 worker ants
  3 howler monkey zombies
  A howler monkey skeleton (D:6)
  3 gnolls (D:11)
  10 adders
  A shadow imp (D:5)
  A white imp (D:10)
  3 ufetubi
  An adder zombie (D:5)
  An adder skeleton (D:4)
  2 worms
  3 dart slugs
  2 leopard geckos
  40 orcs
  6 giant cockroaches
  3 goblins
  7 hobgoblins
  10 jackals
  3 quokkas
  2 ball pythons (Sewer)
  6 bats
  3 frilled lizards
  17 kobolds
  A quokka zombie (D:7)
  7 rats
268 creatures vanquished.

Vanquished Creatures (collateral kills)
  An orc priest (D:7)
  An orc wizard (D:3)
  A white imp (D:5)
3 creatures vanquished.

Vanquished Creatures (others)
  3 fungi
  21 plants
24 creatures vanquished.

Grand Total: 295 creatures vanquished

Notes
Turn   | Place    | Note
-------+----------+-------------------------------------------
     0 | D:1      | Chiseanne the Demonspawn Wanderer began the quest for the
                  | Orb.
     0 | D:1      | Chiseanne set off with the following items: a +0 mace, a +2
                  | scale mail, a potion of lignification
     0 | D:1      | Reached XP level 1. HP: 13/13 MP: 1/1
   138 | D:1      | Reached skill level 1 in Fighting
   201 | D:1      | Gained mutation: You have a pair of small horns on your
                  | head. [demonic ancestry]
   201 | D:1      | Reached XP level 2. HP: 21/21 MP: 2/2
   552 | D:1      | Gained mutation: A weak demonic guardian rushes to your
                  | aid. [demonic ancestry]
   552 | D:1      | Reached XP level 3. HP: 27/27 MP: 3/3
   568 | D:2      | Found a sacrificial altar of Ru.
   884 | D:2      | Reached skill level 2 in Fighting
   955 | D:3      | Found an iron altar of Okawaru.
   961 | D:3      | Gained mutation: You are partially covered in slimy green
                  | scales. (AC +2) [demonic ancestry]
   961 | D:3      | Reached XP level 4. HP: 18/34 MP: 4/4
  1285 | D:3      | Noticed a centaur
  1296 | D:3      | Killed a centaur
  1297 | D:3      | Reached skill level 3 in Fighting
  1297 | D:3      | Gained mutation: You may rarely emit foul miasma when
                  | damaged in melee. [demonic ancestry]
  1297 | D:3      | Reached XP level 5. HP: 38/41 MP: 5/5
  1310 | D:3      | Noticed Terence
  1320 | D:3      | Killed Terence
  1321 | D:3      | Reached skill level 5 in Armour
  1382 | D:3      | Found a glowing drain.
  1412 | Sewer    | Entered a sewer
  1450 | Sewer    | Reached skill level 4 in Fighting
  1450 | Sewer    | Reached XP level 6. HP: 32/48 MP: 6/6
  2421 | D:5      | Entered Level 5 of the Dungeon
  2505 | D:5      | Reached skill level 1 in Short Blades
  2514 | D:5      | Gained mutation: You have a pair of horns on your head.
                  | [demonic ancestry]
  2514 | D:5      | Reached XP level 7. HP: 49/55 MP: 7/7
  2710 | D:5      | Reached skill level 5 in Fighting
  2916 | D:5      | Noticed Pikel
  2947 | D:5      | Killed Pikel
  2948 | D:5      | Reached skill level 6 in Fighting
  2948 | D:5      | Reached XP level 8. HP: 54/64 MP: 8/8
  2967 | D:5      | Noticed Blork the orc
  2967 | D:5      | Noticed Grinder
  2977 | D:5      | Killed Blork the orc
  3279 | D:5      | Found a hazy altar of Hepliaklqana.
  3604 | D:5      | Noticed Eustachio
  3785 | D:5      | Killed Eustachio
  3786 | D:5      | Gained mutation: You are mostly covered in slimy green
                  | scales. (AC +3) [demonic ancestry]
  3786 | D:5      | Reached XP level 9. HP: 71/71 MP: 9/9
  3814 | D:5      | Found a runed translucent door.
  3815 | D:5      | Noticed Crazy Yiuf
  3825 | D:5      | Killed Crazy Yiuf
  4244 | D:4      | Found a snail-covered altar of Cheibriados.
  4476 | D:4      | Found an ornate altar of the Wu Jian Council.
  4476 | D:4      | Found a broken altar of Ashenzari.
  4479 | D:4      | Found a radiant altar of Vehumet.
  4585 | D:5      | Paralysed by Grinder for 5 turns
  4594 | D:5      | Paralysed by Grinder for 4 turns
  4876 | D:5      | Killed Grinder
  4877 | D:5      | Reached skill level 7 in Fighting
  4877 | D:5      | Reached skill level 5 in Dodging
  5088 | D:6      | Found a burning altar of Makhleb.
  5092 | D:6      | Found a glowing silver altar of Zin.
  5092 | D:6      | Noticed a balrug
  5092 | D:6      | Noticed an angel
  5148 | D:6      | Noticed Prince Ribbit
  5161 | D:6      | Killed Prince Ribbit
  5273 | D:6      | Found a sparkling altar of Nemelex Xobeh.
  5339 | D:6      | Found Bunta's Distillery.
  5691 | D:7      | Found a staircase to the Ecumenical Temple.
  5844 | Temple   | Entered the Ecumenical Temple
  5909 | Temple   | Became a worshipper of Gozag Ym Sagoz the Greedy
  6731 | D:8      | Found Mahuxko's Elemental Accessories.
  6864 | D:6      | Bought a potion of heal wounds for 65 gold pieces
  6864 | D:6      | Bought a potion of brilliance for 52 gold pieces
  6864 | D:6      | Bought a potion of might for 52 gold pieces
  6864 | D:6      | Bought a potion of ambrosia for 104 gold pieces
  6864 | D:6      | Bought a potion of berserk rage for 65 gold pieces
  6864 | D:6      | Bought a potion of curing for 39 gold pieces
  6916 | D:7      | Reached skill level 8 in Fighting
  6985 | D:8      | Noticed a troll
  7006 | D:8      | Killed a troll
  7007 | D:8      | Gained mutation: You sometimes emit foul miasma when
                  | damaged in melee. [demonic ancestry]
  7007 | D:8      | Reached XP level 10. HP: 40/80 MP: 10/10
  7397 | D:8      | Found a staircase to the Lair.
  7791 | D:9      | Found a staircase to the Orcish Mines.
  7817 | D:9      | Reached skill level 1 in Evocations
  7839 | D:10     | Entered Level 10 of the Dungeon
  8190 | D:11     | Noticed Harold
  8190 | D:11     | Noticed a gargoyle
  8255 | D:11     | Noticed a cyclops
  8274 | D:11     | Killed a cyclops
  8437 | D:11     | Killed a gargoyle
  8438 | D:11     | Reached skill level 9 in Fighting
  8445 | D:11     | Killed Harold
  8454 | D:11     | Noticed a brown ugly thing
  8661 | D:11     | Killed a brown ugly thing
  8929 | D:11     | Noticed a boulder beetle
  8937 | D:11     | Killed a boulder beetle
  8938 | D:11     | Gained mutation: You are completely covered in slimy green
                  | scales. (AC +4, rPois) [demonic ancestry]
  8938 | D:11     | Reached XP level 11. HP: 78/89 MP: 8/11
  9269 | D:9      | Found an opulent altar of Gozag.
  9445 | D:6      | Bought a potion of curing for 39 gold pieces
  9445 | D:6      | Bought a potion of haste for 130 gold pieces
  9445 | D:6      | Bought a potion of mutation for 104 gold pieces
  9849 | D:9      | Found a bloodstained altar of Trog.
  9974 | D:9      | Found a shimmering blue altar of Sif Muna.
  9977 | D:9      | Identified Sif Muna's Catalogue of Battle Magic
 10147 | D:12     | Reached skill level 5 in Evocations
 10151 | D:12     | Noticed a purple ugly thing
 10166 | D:12     | Killed a purple ugly thing
 10403 | D:12     | Reached skill level 10 in Fighting
 10403 | D:12     | Reached skill level 5 in Shields
 10403 | D:12     | Noticed a two-headed ogre
 10416 | D:12     | Killed a two-headed ogre
 10456 | D:12     | Noticed a red ugly thing
 10457 | D:12     | Noticed a red ugly thing
 10470 | D:12     | Killed a red ugly thing
 10471 | D:12     | Killed a red ugly thing
 10525 | D:12     | You fall into a shaft and drop 3 floors!
 10525 | D:15     | Entered Level 15 of the Dungeon
 10525 | D:15     | Noticed a red ugly thing
 10525 | D:15     | Noticed a red ugly thing
 10525 | D:15     | Noticed a red ugly thing
 10525 | D:15     | Noticed a red ugly thing
 10525 | D:15     | Noticed a red ugly thing
 10525 | D:15     | Noticed a red ugly thing
 10554 | D:15     | Noticed a skeletal warrior
 10579 | D:15     | Killed from afar by a meliai

Illustrated notes

Levels and vault maps discovered:
D:1:      co_arrival_random_square_maze, layout_loops_cross, minmay_domino_2
D:2:      layout_loops_ring, nicolae_ru_sacrificial_ziggurat
D:3:      layout_rooms, cheibrodos_sewer_entry_bend,
          amcnicky_mini_corridor_feature, okawaru_ov_weapons_minmay,
          uniq_terence
D:4:      layout_basic, minitemple, cheibriados_altar_1
D:5:      layout_rooms, basic_altar, uniq_eustachio, uniq_crazy_yiuf_cottage,
          uniq_grinder, uniq_blork_the_orc, uniq_pikel
D:6:      layout_loops_ring, grunt_temple_overflow_order_and_chaos_2,
          nicolae_overflow_crystal_walls, serial_shops, kennysheep_mini,
          uniq_prince_ribbit1
D:7:      layout_basic, minmay_temple_entry_fiery
D:8:      statuecave_lemuel, layout_cave_pods, erik_lair_island,
          nicolae_elemental_shop
D:9:      layout_basic, nzn_overflow_gifts_of_might_and_magic, orc_0_dummy,
          basic_altar, uniq_erica, uniq_psyche
D:10:     layout_roguey, minmay_diced_spiral
D:11:     layout_roguey, uniq_harold
D:12:     cheibrodos_fzero, layout_loops_cross, enter_bailey_8
D:15:     grunt_enter_depths_giant_problem, layout_small_grid,
          grunt_decor_arrowhead, serial_bayou_lagoon_a
Temple:   dshaligram_water_room_temple

Skill      XL: |  1  2  3  4  5  6  7  8  9 10 11 |
---------------+----------------------------------+-----
Fighting       | 1 2 3 4 6 8 9 10 | 10.4
Armour         | 4 5 6 7 8 |  8.5
Dodging        | 2 3 4 6 7 8 |  8.8
Short Blades   | 1 3 4 |  4.9
Evocations     | 4 6 |  6.3
Shields        | 3 5 |  5.8
Long Blades    | |  1.0
Axes           | |  1.0
Stealth        | |  1.0

Action                   |  1- 3 |  4- 6 |  7- 9 | 10-12 || total
-------------------------+-------+-------+-------+-------++-------
Melee: Dagger            |    79 |   114 |   287 |   346 ||   826
       Mace              |     3 |       |       |       ||     3
       Headbutt          |     8 |    22 |    73 |    99 ||   202
       Quarterstaff      |       |       |    28 |     2 ||    30
       Short sword       |       |       |       |    69 ||    69
Evoke: Wand              |       |       |    12 |    20 ||    32
  Use: Scroll            |       |     6 |     8 |     3 ||    17
       Potion            |       |       |     1 |     2 ||     3
 Stab: Distracted        |       |       |       |     2 ||     2
       Paralysed         |       |       |       |     2 ||     2
Armor: Scale mail        |    47 |    56 |   128 |    91 ||   322
       Ring mail         |       |       |       |    79 ||    79
Dodge: Dodged            |    41 |    53 |   155 |   146 ||   395
Block: Tower shield      |       |       |       |   256 ||   256

Table legend: (Time is in decaauts)
 A = Elapsed time spent in this place.
 B = Non-inter-level travel time spent in this place.
 C = Inter-level travel time spent in this place.
 D = Time resting spent in this place.
 E = Time spent auto-exploring this place.
 F = Levels seen in this place.
 G = Mean time per level.
                   A        B        C        D        E       F      G
               +--------+--------+--------+--------+--------+-----+--------+
         Total |  10624 |   9850 |    774 |   3376 |   2143 |  15 |  708.3 |
       Dungeon |  10218 |   9465 |    753 |   3194 |   2087 |  13 |  786.0 |
        Temple |     85 |     65 |     20 |      0 |     43 |   1 |   85.0 |
         Sewer |    319 |    319 |      0 |    182 |     13 |   1 |  319.0 |
               +--------+--------+--------+--------+--------+-----+--------+

Top non-repeatable levels by time:
     D:8: 1267 daAuts
     D:4: 1218 daAuts
     D:6: 1206 daAuts
     D:5: 1052 daAuts
     D:3: 1008 daAuts
    D:11: 885 daAuts
     D:7: 764 daAuts
     D:9: 725 daAuts
    D:10: 690 daAuts
     D:1: 567 daAuts
    D:12: 405 daAuts
     D:2: 372 daAuts
   Sewer: 319 daAuts
  Temple: 85 daAuts
    D:15: 54 daAuts
